 Dungeon Crawl Stone Soup version 0.31.0-12-g77e489cdc1 (webtiles) character file.

Game seed: 16155874155014522122

385 Metae the Trooper (level 6, -1/56 HPs)
             Began as a Minotaur Fighter on Mar 4, 2024.
             Slain by a gnoll
             ... wielding a +0 halberd
              (12 damage)
             ... on level 3 of the Dungeon.
             The game lasted 00:05:15 (1957 turns).

Metae the Trooper (Minotaur Fighter)                Turns: 1957, Time: 00:05:22

Health: -1/56      AC: 10    Str: 22    XL:     6   Next: 48%
Magic:  5/5        EV:  8    Int:  5    God:
Gold:   74         SH: 12    Dex: 10    Spells: 5/5 levels left

rFire   . . .        p - +2 whip (venom)
rCold   . . .        k - +0 tower shield
rNeg    . . .        b - +0 scale mail
rPois   .            (helmet restricted)
rElec   .            h - +2 cloak
rCorr   .            (no gloves)
SInv    .            (no boots)
Will    .....        (no amulet) Stlth
                     (no ring)
HPRegen 0.29/turn    (no ring)
MPRegen 0.09/turn

%: no passive effects
@: no status effects
A: horns 2, retaliatory headbutt
a: no special abilities


You were on level 3 of the Dungeon.
You visited 1 branch of the dungeon, and saw 3 of its levels.

You collected 74 gold pieces.

Inventory:

Hand Weapons
 a - a +0 trident
 p - a +2 whip of venom (weapon)
Missiles
 c - a throwing net
 e - 34 stones (quivered)
Armour
 b - a +0 scale mail (worn)
 h - a +2 cloak (worn)
 k - a +0 tower shield (worn)
Jewellery
 n - a ring of magical power
Wands
 o - a wand of iceblast (7)
 q - a wand of light (4)
Scrolls
 f - a scroll of fog {unknown}
 g - a scroll of brand weapon {unknown}
 i - a scroll of blinking {unknown}
Potions
 d - 2 potions of might
 j - a potion of lignification {unknown}
 l - a potion of magic {unknown}
 m - a potion of degeneration {unknown}


   Skills:
 + Level 5.1 Fighting
 + Level 2.1 Maces & Flails
 - Level 3.3 Polearms
 + Level 5.1 Armour
 + Level 2.9 Dodging
 + Level 5.1 Shields


You had 5 spell levels left.
You didn't know any spells.
Your spell library contained the following spells:

 Spells                   Type           Power      Damage    Failure   Level
 Summon Small Mammal      Summ           0%         N/A       100%        1
 Call Canine Familiar     Summ           0%         N/A       100%        3
 Summon Blazeheart Golem  Fire/Summ      0%         N/A       100%        4


Dungeon Overview and Level Annotations

Branches:
Dungeon (3/15)

Altars:


Innate Abilities, Weirdness & Mutations

You have a pair of horns on your head.
You reflexively headbutt those who attack you in melee.


Message History

You closely miss the gnoll.
The gnoll hits you but does no damage. x2
You block the gnoll's attack. The gnoll hits you with a +0 halberd.
You hit the gnoll.
The gnoll is poisoned.
The gnoll is lightly wounded.
The gnoll hits you with a +0 halberd.
* * * LOW HITPOINT WARNING * * *
The gnoll hits you but does no damage.
You hit the gnoll.
The gnoll looks as sick as possible!
The gnoll is heavily wounded.
The gnoll is no longer moving quickly.
You kill the gnoll!
The gnoll hits you from afar with a +0 spear.
* * * LOW HITPOINT WARNING * * *
The gnoll barely misses you. You block the gnoll's attack.
Things that are here:
a +0 halberd; a gnoll corpse You hit the gnoll.
The gnoll is poisoned.
The gnoll is moderately wounded.
You block the gnoll's attack. x2
You barely miss the gnoll. You headbutt the gnoll.
The gnoll is almost dead.
The gnoll barely misses you. You furiously retaliate!
You headbutt the gnoll!
You kill the gnoll!
The gnoll hits you from afar with a +0 halberd.
* * * LOW HITPOINT WARNING * * *
Okay, then.
You block the orc's attack. The gnoll barely misses you.
You see here a +0 spear.
You hit the gnoll.
The gnoll is moderately wounded.
The gnoll is no longer moving quickly.
The orc closely misses you. The gnoll hits you but does no damage.
The orc hits you but does no damage.
You hit the gnoll but do no damage.
The gnoll is poisoned.
Your headbutt misses the gnoll.
The gnoll is moderately wounded.
Your attacks no longer feel as feeble.
The gnoll hits you with a +0 halberd.
* * * LOW HITPOINT WARNING * * *
The orc hits you but does no damage. The gnoll hits you with a +0 halberd!
You die...

#############################
.P...........................
.........................†P..
~~≈~≈~~~≈~~~~~~≈~~~~~≈≈~~~~~
≈≈≈≈~≈≈≈≈≈≈≈≈≈≈≈≈~≈≈≈≈~≈≈≈≈ #
#~~~~~~~~~~~~~~≈~~~≈~~≈~ #$
#....................... ..
#'######################
#'#...gog@)).$.......
#......##############
###..g.# ##''## ......
$....... #(##''#### ## ....
.....#


You could see 2 gnolls and an orc.

Vanquished Creatures
  A howler monkey (D:3)
  A bombardier beetle (D:3)
  2 hounds (D:3)
  An orc priest (D:3)
  A gnoll bouda (D:3)
  An orc wizard (D:3)
  5 gnolls (D:3)
  5 adders
  2 ribbon worms
  2 dart slugs
  5 orcs (D:3)
  5 ball pythons
  5 bats
  2 endoplasms
  3 giant cockroaches
  9 goblins
  3 hobgoblins
  7 jackals (D:3)
  3 quokkas
  4 frilled lizards
  2 kobolds
  A rat (D:2)
70 creatures vanquished.

Notes
Turn   | Place    | Note
-------+----------+-------------------------------------------
     0 | D:1      | Metae the Minotaur Fighter began the quest for the Orb.
     0 | D:1      | Reached XP level 1. HP: 19/19 MP: 0/0
   125 | D:1      | Reached XP level 2. HP: 27/27 MP: 1/1
   537 | D:2      | Reached skill level 1 in Dodging
   539 | D:2      | Reached XP level 3. HP: 27/33 MP: 2/2
  1185 | D:3      | Reached XP level 4. HP: 34/40 MP: 3/3
  1618 | D:3      | Reached XP level 5. HP: 47/47 MP: 4/4
  1632 | D:3      | Reached skill level 1 in Maces & Flails
  1842 | D:3      | Reached XP level 6. HP: 49/55 MP: 5/5
  1862 | D:3      | Reached skill level 5 in Armour
  1920 | D:3      | Reached skill level 5 in Shields
  1924 | D:3      | Reached skill level 5 in Fighting
  1957 | D:3      | Slain by a gnoll

Illustrated notes

Levels and vault maps discovered:
D:1:      minmay_arrival_jagged, layout_rooms
D:2:      layout_basic
D:3:      lemuel_castle_with_subvaults [lemuel_castle_interior_carwin_2],
          layout_loops_corners

Skill      XL: |  1  2  3  4  5  6 |
---------------+-------------------+-----
Dodging        | 1 2 |  2.9
Fighting       | 4 5 |  5.1
Armour         | 4 5 |  5.1
Shields        | 4 5 |  5.1
Polearms       | 3 |  3.3
Maces & Flails | 1 2 |  2.1

Action                     |  1- 3 |  4- 6 || total
---------------------------+-------+-------++-------
  Melee: Trident           |    90 |    15 ||   105
         Headbutt          |     9 |    20 ||    29
         Whip              |       |    81 ||    81
 Armour: Scale mail        |    48 |    78 ||   126
  Dodge: Dodged            |    25 |    39 ||    64
  Block: Buckler           |    10 |       ||    10
         Tower shield      |    12 |    80 ||    92
